 Dungeon Crawl Stone Soup version 0.14-a0-181-gf6fe0c6 (webtiles) character file.

245 PolkaDot the Insei (level 4, 0/34 HPs)
             Began as a Demonspawn Monk on Oct 6, 2013.
             Slain by a kobold
             ... wielding a +1,+0 elven dagger
              (2 damage)
             ... while paralysed by a potion of paralysis
             ... on Level 3 of the Dungeon.
             The game lasted 00:05:33 (1947 turns).

PolkaDot the Insei (Demonspawn Monk)                Turns: 1947, Time: 00:05:34

HP   0/34        AC  2     Str 12      XL: 4   Next: 81%
MP   0/3         EV  2     Int 17      God:
Gold 121         SH  0     Dex 15 (16) Spells:  0 memorised,  3 levels left

Res.Fire  : . . .   See Invis. : .     - Unarmed
Res.Cold  : . . .   Warding    : .   a - +0 robe
Life Prot.: . . .   Conserve   : .   (no shield)
Res.Poison: .       Res.Corr.  : .   (helmet restricted)
Res.Elec. : .       Clarity    : .   (no cloak)
Sust.Abil.: . .     Spirit.Shd : +   (no gloves)
Res.Mut.  : .       Stasis     : .   (no boots)
Res.Rott. : .       Flight     : .   (no amulet)
Saprovore : . . .                    s - +6 ring of intelligence
                                     j - ring of flight

@: paralysed, mildly poisoned, slightly resistant to hostile enchantments,
fairly stealthy
A: antennae 2, magic shield
a: Evoke Flight


You were on level 3 of the Dungeon.
You were not hungry.

You visited 1 branch of the dungeon, and saw 3 of its levels.

You collected 121 gold pieces.

Inventory:

Armour
 a - a +0 robe (worn)
Comestibles
 b - a bread ration
 d - a choko
 f - a pear
 h - a rotting chunk of orc flesh
Scrolls
 e - 3 scrolls of recharging {unknown}
 g - a scroll of curse jewellery {unknown}
 i - 3 scrolls of blinking
 m - a scroll of fear {unknown}
 n - a scroll of remove curse {unknown}
 p - a scroll of magic mapping
Jewellery
 j - a ring of flight (left hand)
 s - a +6 ring of intelligence (right hand)
Potions
 c - a potion of degeneration
 k - a potion of paralysis


   Skills:
 + Level 3.8 Fighting
 - Level 2.6 Dodging
 - Level 1.7 Stealth
 * Level 5.1 Unarmed Combat


You had 3 spell levels left.
You didn't know any spells.

Dungeon Overview and Level Annotations

Branches:
Dungeon (3/27)

Altars:
Elyvilon


Innate Abilities, Weirdness & Mutations

You have a pair of antennae on your head.
When hurt, damage is shared between your health and your magic reserves.


Message History

You feel sick. The adder misses you.
The kobold hits you with an elven dagger.
Drink which item? (? for menu, Esc to quit)
You suddenly lose the ability to move!
It was a potion of paralysis.
The adder bites you.
* * * LOW HITPOINT WARNING * * *
You are more poisoned.
The adder poisons you! The kobold hits you but does no damage.
The adder bites you.
* * * LOW HITPOINT WARNING * * *
The ooze barely misses you.
The kobold hits you with an elven dagger.
* * * LOW HITPOINT WARNING * * *
The adder bites you.
* * * LOW HITPOINT WARNING * * *
The ooze hits you.
* * * LOW HITPOINT WARNING * * *
The adder bites you but does no damage.
The kobold hits you with an elven dagger.
You die...

## ### ## ..... #.
##..... . #. ....... ..#
#. #..... ..# #.
##########..##### #.###.
.........J...............
#.S@K(..# #.###.
#.......# #.# #.
#....(.(#######.###.
..........(....(......
####.###..#######.###. #.
#..# #.# #.
###.###..#######.###.
......................
###.##.....#####.###.


You could see an ooze, an adder and a kobold.

Vanquished Creatures
  A big fish (D:2)
  An orc wizard (D:3)
  3 adders
  An ooze (D:2)
  2 orcs (D:3)
  5 giant cockroaches
  4 hobgoblins
  4 kobolds
  6 bats
  3 giant newts
  6 goblins
  4 rats
40 creatures vanquished.

Vanquished Creatures (others)
  An orc wizard (D:3)
  An orc (D:3)
2 creatures vanquished.

Grand Total: 42 creatures vanquished

Notes
Turn   | Place    | Note
--------------------------------------------------------------
     0 | D:1      | PolkaDot, the Demonspawn Monk, began the quest for the Orb.
     0 | D:1      | Reached XP level 1. HP: 16/16 MP: 0/0
   184 | D:1      | Gained mutation: You have a pair of small antennae on your head. [demonic ancestry]
   184 | D:1      | Reached XP level 2. HP: 15/22 MP: 1/1
   198 | D:1      | Reached skill level 4 in Unarmed Combat
   537 | D:2      | Found a white marble altar of Elyvilon.
   550 | D:2      | Gained mutation: When hurt, damage is shared between your health and your magic reserves. [demonic ancestry]
   550 | D:2      | Reached XP level 3. HP: 2/28 MP: 2/2
  1513 | D:2      | Gained mutation: You have a pair of antennae on your head. [demonic ancestry]
  1513 | D:2      | Reached XP level 4. HP: 31/34 MP: 3/3
  1652 | D:3      | Reached skill level 5 in Unarmed Combat
  1945 | D:3      | Paralysed by a potion of paralysis for 5 turns
  1947 | D:3      | Slain by a kobold

Action                   |  1- 3 |  4- 6 || total
-------------------------+-------+-------++-------
Melee: Unarmed           |   121 |    61 ||   182
  Use: Scroll            |     6 |       ||     6
       Potion            |       |     9 ||     9
 Stab: Sleeping          |     1 |     1 ||     2
       Invisible         |       |     5 ||     5
